 Dungeon Crawl Stone Soup version 0.31.0-32-g396128a36d (webtiles) character file.

Game seed: 12661150613932999806

1206 Silvore the Basher (level 8, 0/70 HPs)
             Began as a Minotaur Fighter on Mar 21, 2024.
             Slain by a gnoll sergeant
             ... wielding a +2 spear of venom
              (7 damage)
             ... on level 5 of the Dungeon.
             The game lasted 00:07:14 (5332 turns).

Silvore the Basher (Minotaur Fighter)               Turns: 5332, Time: 00:07:15

Health: 0/70       AC: 15    Str: 23    XL:     8   Next: 21%
Magic:  7/7        EV:  7    Int:  5    God:
Gold:   236        SH:  6    Dex: 10    Spells: 7/7 levels left

rFire   . . .        r - +1 mace
rCold   . . .        c - +1 buckler
rNeg    . . .        t - +0 plate armour
rPois   .            (helmet restricted)
rElec   .            w - +0 cloak
rCorr   +            m - +0 pair of gloves
SInv    .            (no boots)
Will    +....        (no amulet) Stlth
                     f - ring of willpower
HPRegen 0.31/turn    l - ring of resist corrosion
MPRegen 0.10/turn

%: no passive effects
@: mighty, lethally poisoned (0 -> -18)
A: horns 2, retaliatory headbutt
a: no special abilities


You were on level 5 of the Dungeon.
You visited 1 branch of the dungeon, and saw 5 of its levels.

You collected 236 gold pieces.

Inventory:

Hand Weapons
 a - a +0 flail
 r - a +1 mace (weapon)
Armour
 b - a +0 scale mail
 c - a +1 buckler (worn)
 h - a +0 chain mail
 m - a +0 pair of gloves (worn)
 t - a +0 plate armour (worn)
 w - a +0 cloak (worn)
Jewellery
 f - a ring of willpower (left hand)
 l - a ring of resist corrosion (right hand)
 v - an amulet of faith
Wands
 j - a wand of quicksilver (9)
 q - a wand of polymorph (8)
 s - a wand of flame (12)
Scrolls
 e - 4 scrolls of amnesia
 g - a scroll of identify
 n - 2 scrolls of poison
 p - a scroll of immolation
Potions
 d - a potion of might
 i - a potion of enlightenment
 k - a potion of magic
 o - 3 potions of degeneration
 u - a potion of brilliance


   Skills:
 + Level 5.8 Fighting
 + Level 8.1 Maces & Flails
 + Level 7.1 Armour
 + Level 1.6 Dodging
 + Level 0.3 Stealth
 + Level 5.2 Shields


You had 7 spell levels left.
You didn't know any spells.
Your spell library contained the following spells:

 Spells                   Type           Power      Damage    Failure   Level
 Apportation              Tloc           0%         N/A       100%        1
 Jinxbite                 Hex            0%         N/A       100%        2
 Scorch                   Fire           0%         2d5       100%        2
 Gell's Gravitas          Tloc           0%         N/A       100%        3
 Teleport Other           Tloc           0%         N/A       100%        3
 Flame Wave               Conj/Fire      0%         2d4       100%        4
 Alistair's Intoxication  Alch           0%         N/A       100%        5
 Dispersal                Tloc           0%         N/A       100%        6
 Summon Cactus Giant      Summ           0%         N/A       100%        6


Dungeon Overview and Level Annotations

Branches:
Dungeon (5/15)
 Temple: D:4-7

Altars:
Nemelex Xobeh
Trog
Vehumet


Innate Abilities, Weirdness & Mutations

You have a pair of horns on your head.
You reflexively headbutt those who attack you in melee.


Message History

The gnoll barely misses you. You furiously retaliate!
You headbutt the gnoll! The gnoll attacks as it pursues you!
The gnoll barely misses you. You furiously retaliate!
You headbutt the gnoll.
The gnoll sergeant hits you but does no damage.
You are more poisoned.
The gnoll hits you but does no damage.
You feel very sick.
The gnoll sergeant hits you from afar with a +2 spear of venom!
You are more poisoned.
You block the gnoll's attack.
You feel very sick. The gnoll hits you but does no damage.
You block the gnoll's attack.
The gnoll sergeant hits you from afar with a +2 spear of venom.
You are more poisoned.
The gnoll attacks as it pursues you! You block the gnoll's attack.
You feel very sick. The gnoll barely misses you.
Unknown command.
What are your orders? t - Shout!
Orders for allies: a - Attack new target. r - Retreat! s - Stop attacking. g - Guard the area. f - Follow me.
Anything else - Cancel.
Okay, then.
Okay, then.
You feel very mighty all of a sudden.
You feel very sick. The gnoll hits you but does no damage.
The gnoll sergeant hits you from afar with a +2 spear of venom.
* * * LOW HITPOINT WARNING * * *
You are lethally poisoned!
You closely miss the gnoll.
The gnoll is lightly wounded.
* * * LOW HITPOINT WARNING * * *
You feel extremely sick. The gnoll hits you but does no damage.
The gnoll hits you with a +0 whip.
* * * LOW HITPOINT WARNING * * *
The gnoll sergeant hits you from afar with a +2 spear of venom!
You die...

....................#
....................#
....................#
....................#
#...................#
#...................#
#...................#
###########......#+##
#....g@# #...?gg# ##
#...)gg# .# #......#
.# #......# .#
#......# .# #......#
.# #####... .# #..<.


You could see a gnoll sergeant and 4 gnolls.

Vanquished Creatures
  Edmund (D:4)
  3 ice beasts (D:5)
  A centaur (D:5)
  2 phantoms (D:5)
  2 scorpions (D:5)
  A hound (D:5)
  Natasha (thrice) (D:2)
  3 iguanas (D:5)
  6 adders
  11 gnolls
  A white imp (D:5)
  A dart slug (D:1)
  2 ribbon worms (D:2)
  11 orcs
  12 endoplasms
  4 giant cockroaches
  17 goblins
  4 hobgoblins
  2 jackals (D:4)
  6 kobolds
  4 quokkas
  12 ball pythons
  7 bats
  5 frilled lizards
  6 rats
127 creatures vanquished.

Notes
Turn   | Place    | Note
-------+----------+-------------------------------------------
     0 | D:1      | Silvore the Minotaur Fighter began the quest for the Orb.
     0 | D:1      | Reached XP level 1. HP: 19/19 MP: 0/0
   171 | D:1      | Reached XP level 2. HP: 27/27 MP: 1/1
   326 | D:1      | Found a faded altar of an unknown god.
   953 | D:1      | Reached XP level 3. HP: 32/33 MP: 2/2
   964 | D:1      | Reached skill level 3 in Maces & Flails
  1585 | D:2      | Noticed Natasha
  1616 | D:2      | Killed Natasha
  1617 | D:2      | Reached XP level 4. HP: 21/41 MP: 3/3
  1794 | D:2      | Noticed Natasha
  1800 | D:2      | Killed Natasha
  1801 | D:2      | Reached skill level 4 in Maces & Flails
  2120 | D:2      | Reached XP level 5. HP: 47/47 MP: 4/4
  2281 | D:2      | Noticed Natasha
  2292 | D:2      | Killed Natasha
  2482 | D:3      | Reached skill level 5 in Maces & Flails
  2726 | D:3      | Found a bloodstained altar of Trog.
  3278 | D:3      | Reached XP level 6. HP: 31/55 MP: 5/5
  3547 | D:4      | Found a sparkling altar of Nemelex Xobeh.
  3617 | D:4      | Found a radiant altar of Vehumet.
  4002 | D:4      | Noticed Edmund
  4005 | D:4      | Reached skill level 5 in Fighting
  4018 | D:4      | Killed Edmund
  4019 | D:4      | Reached skill level 6 in Maces & Flails
  4019 | D:4      | Reached skill level 5 in Armour
  4019 | D:4      | Reached skill level 1 in Dodging
  4290 | D:5      | Entered Level 5 of the Dungeon
  4425 | D:5      | Noticed an ice beast
  4528 | D:5      | Reached XP level 7. HP: 27/61 MP: 6/6
  4763 | D:5      | Reached skill level 7 in Maces & Flails
  5060 | D:5      | Reached skill level 5 in Shields
  5062 | D:5      | Reached XP level 8. HP: 69/69 MP: 7/7
  5319 | D:5      | Reached skill level 8 in Maces & Flails
  5332 | D:5      | Slain by a gnoll sergeant

Illustrated notes

Levels and vault maps discovered:
D:1:      matt_arrival_spirals, layout_basic, serial_co_window_serial,
          co_window_paths_b, co_window_corner_a, co_window_corner_a,
          co_window_corner_a, co_window_paths_b, co_window_paths_c,
          co_window_2corner, co_window_corner_b, co_window_2corner,
          co_window_broadway_a, co_window_4corner_a, glass_columns_a,
          glass_columns_a, glass_columns_a, dreamdust_ecumenical_altar_statues,
          minmay_quantized
D:2:      layout_basic, uniq_natasha
D:3:      layout_loops_ring, general_overflow_altar, minmay_goblin_outpost
D:4:      layout_loops_cross, vehumet_altar_wand_db, mainiacjoe_overflow_paths,
          uniq_edmund
D:5:      layout_gridville, grunt_tough_drop

Skill      XL: |  1  2  3  4  5  6  7  8 |
---------------+-------------------------+-----
Fighting       | 4 5 |  5.8
Armour         | 4 5 6 7 |  7.1
Shields        | 4 5 |  5.2
Maces & Flails | 3 4 5 6 7 8 |  8.1
Dodging        | 1 |  1.6
Stealth        | |  0.3

Action                     |  1- 3 |  4- 6 |  7- 9 || total
---------------------------+-------+-------+-------++-------
  Melee: Flail             |    78 |    33 |       ||   111
         Headbutt          |     5 |    29 |    17 ||    51
         Mace              |       |   123 |    81 ||   204
         Unarmed           |       |     3 |       ||     3
    Use: Potion            |     1 |       |     1 ||     2
         Scroll            |       |    10 |     2 ||    12
 Armour: Scale mail        |    15 |       |       ||    15
         Chain mail        |    56 |   124 |       ||   180
         Plate armour      |       |    26 |    72 ||    98
  Dodge: Dodged            |    37 |    60 |    26 ||   123
  Block: Buckler           |    23 |    33 |    33 ||    89
